 Dungeon Crawl Stone Soup version 0.30.1-11-g7821555f0a (webtiles) character file.

Game seed: 8367712612257843036

51 Ijustatesigmund the Digger (level 3, 0/30 HPs)
             Began as a Gargoyle Earth Elementalist on Nov 27, 2023.
             Slain by Sigmund
             ... wielding a +0 scythe
              (2 damage)
             ... on level 3 of the Dungeon.
             The game lasted 00:04:23 (1273 turns).

Ijustatesigmund the Digger (GrEE)                   Turns: 1273, Time: 00:04:24

Health: 0/30       AC: 21    Str: 17    XL:     3   Next: 81%
Magic:  4/6        EV:  2    Int: 17    God:
Gold:   104        SH:  0    Dex: 10    Spells: 3/7 levels left

rFire   + . .        e - +0 flail
rCold   + . .        (no shield)
rNeg    + . .        a - melded +0 robe
rPois   ∞            (helmet currently unavailable)
rElec   +            (cloak currently unavailable)
rCorr   +            d - melded +0 pair of gloves
SInv    .            (boots currently unavailable)
Will    .....        h - amulet of magic regeneration
Stlth   +            b - +6 ring of strength
HPRegen 0.25/turn    k - ring of wizardry
MPRegen 0.50/turn

%: wizardry (x1)
@: confused, tree-form, resistant, attractive, very slightly contaminated
A: stationary, stasis, torment immunity, boosted hp, sickness immunity, AC +3,
negative energy resistance 1, (electricity resistance), torment resistance 1,
petrification resistance
a: no special abilities


You were on level 3 of the Dungeon.
You were a tree.
You visited 1 branch of the dungeon, and saw 3 of its levels.

You collected 104 gold pieces.

Inventory:

Hand Weapons
 e - a +0 flail (weapon)
Armour
 a - a +0 robe (melded)
 d - a +0 pair of gloves (melded)
Jewellery
 b - a +6 ring of strength (left branch)
 h - an amulet of magic regeneration (around neck)
 k - a ring of wizardry (right branch)
Scrolls
 c - a scroll of vulnerability {unknown}
 f - a scroll of poison {unknown}
 m - a scroll of torment {unknown}
 n - a scroll of magic mapping {unknown}


   Skills:
 - Level 1.6 Fighting
 + Level 0.1 Maces & Flails
 - Level 1.5 Dodging
 - Level 2.1 Stealth
 + Level 2.6 Spellcasting
 * Level 0.8 Conjurations
 - Level 0.7 Transmutations
 + Level 4.3 Earth Magic


You had 3 spell levels left.
You knew the following spells:

 Your Spells              Type           Power      Damage    Failure   Level
a - Sandblast             Erth           32%        2d9       1%          1
b - Stone Arrow           Conj/Erth      22%        3d8       8%          3

Your spell library contained the following spells:

 Spells                   Type           Power      Damage    Failure   Level
 Passwall                 Tmut/Erth      8%         N/A       4%          2
 Petrify                  Tmut/Erth      10%        N/A       26%         4


Dungeon Overview and Level Annotations

Branches:
Dungeon (3/15)

Altars:

Shops:
D:3 (

Annotations:
D:3 Sigmund


Innate Abilities, Weirdness & Mutations

You are a tree.
Your roots penetrate the ground, keeping you stationary.
You cannot be teleported.
You are immune to unholy pain and torment.
Your maximum health is greatly increased.
Your equipment is partially melded.
You are immune to sickness and miasma.
((Your stone body is resilient. (AC +3)))
You are immune to poison.
You resist negative energy. (rN+)
((You are resistant to electric shocks. (rElec)))
You are resistant to unholy torment.
You are immune to petrification.


Message History

You miss something. Something hits you.
* * * LOW HITPOINT WARNING * * *
It was a potion of attraction.
You feel attractive to monsters.
Really quaff the potion of lignification?
You turn into a tree.
Your +0 pair of gloves melds into your body.
Your +0 robe melds into your body.
Your roots penetrate the ground.
Something hits you but does no damage.
Casting: Sandblast (safe; 1% risk of failure)
Confirm with . or Enter, or press ? or * to list all spells.
You can't see any susceptible monsters within range! (Use Z to cast anyway.)
Casting: Sandblast (safe; 1% risk of failure)
Confirm with . or Enter, or press ? or * to list all spells.
The spell is quite dangerous to miscast (8% risk of failure)!
Continue anyway?
Aiming: Stone Arrow (quite dangerous; 8% risk of failure)
Press: ? - help, Shift-Dir - straight line You miscast Stone Arrow.
You are very lightly contaminated with residual magic.
Nothing appears to happen.
Something hits you.
* * * LOW HITPOINT WARNING * * *
Casting: Stone Arrow (quite dangerous; 8% risk of failure)
Confirm with . or Enter, or press ? or * to list all spells.
You can't see any susceptible monsters within range! (Use Z to cast anyway.)
Casting: Stone Arrow (quite dangerous; 8% risk of failure)
Confirm with . or Enter, or press ? or * to list all spells.
The spell is quite dangerous to miscast (8% risk of failure)!
Continue anyway?
Aiming: Stone Arrow (quite dangerous; 8% risk of failure)
Press: ? - help, Shift-Dir - straight line You miscast Stone Arrow.
Nothing appears to happen.
You feel protected. Something hits you but does no damage.
You closely miss something. Something hits you.
* * * LOW HITPOINT WARNING * * *
You sock something!
You hear some strange, mumbled words.
You are confused.
You attack the rock wall.
Something hits you but does no damage.
You closely miss something. Something hits you.
You die...

######
†....#######
####........
#.########
#........# ##
########.##
.##### #..####
.....#
##....######
..##.###
####.♣{...#
#.##...######
######.#
........∩...###
###<............
...####.##.####.
##.[.##......
......###..###
###.#....#.#
..###...#


There were no monsters in sight!

Vanquished Creatures
  An adder (D:2)
  A worm (D:2)
  2 dart slugs
  5 ball pythons
  3 bats
  2 endoplasms
  2 giant cockroaches (D:2)
  2 goblins
  A hobgoblin (D:2)
  2 jackals (D:1)
  2 kobolds (D:1)
  4 quokkas
  3 frilled lizards
  2 rats (D:2)
32 creatures vanquished.

Notes
Turn   | Place    | Note
-------+----------+-------------------------------------------
     0 | D:1      | Ijustatesigmund the Gargoyle Earth Elementalist began the
                  | quest for the Orb.
     0 | D:1      | Reached XP level 1. HP: 10/10 MP: 3/3
    63 | D:1      | You fall into a shaft and drop 1 floor!
   165 | D:1      | Reached XP level 2. HP: 5/16 MP: 3/5
   169 | D:1      | Reached skill level 1 in Fighting
   479 | D:1      | Reached skill level 4 in Earth Magic
   804 | D:2      | Reached XP level 3. HP: 14/20 MP: 4/6
   810 | D:2      | Learned a level 3 spell: Stone Arrow
  1153 | D:3      | Found Vedwof's Antique Weapon Emporium.
  1244 | D:3      | Noticed Sigmund
  1270 | D:3      | HP: 1/30 [something (3)]
  1273 | D:3      | Slain by Sigmund

Illustrated notes

Levels and vault maps discovered:
D:1:      grunt_arrival_lava_bath, layout_loops_ring
D:2:      layout_rooms
D:3:      layout_rooms, lemuel_doored_altar, mainiacjoe_overflow_alcove_1,
          kiku_gazebo_garden_becter, serial_shops, shop,
          shapermc_ecumenical_altar_starsandcircs, uniq_sigmund

Skill      XL: |  1  2 |
---------------+-------+-----
Fighting       | 1 |  1.6
Earth Magic    | 4 |  4.3
Maces & Flails | |  0.1
Dodging        | |  1.5
Stealth        | |  2.1
Spellcasting   | |  2.6
Conjurations   | |  0.8
Transmutations | |  0.7

Action                     || total
---------------------------++-------
  Melee: Unarmed           ||    10
         Flail             ||    13
         Whip              ||     5
   Cast: Sandblast         ||    40
         Stone Arrow       ||     2
    Use: Potion            ||     4
         Scroll            ||     2
 Armour: Robe              ||    15
         Skin              ||     3
  Dodge: Dodged            ||    22
